 Dungeon Crawl Stone Soup version 0.19-a0-1626-g5215c36 (webtiles) character file.

417 Amciq the Ruffian (level 6, -1/61 HPs)
             Began as a Troll Monk on Sept 18, 2016.
             Was a Believer of Okawaru.
             Killed by nerve-wracking pain
             ... invoked by an orc priest
              (6 damage)
             ... on level 4 of the Dungeon.
             The game lasted 00:15:33 (3340 turns).

Amciq the Ruffian (Troll Monk)                      Turns: 3340, Time: 00:15:34

Health: -1/61      AC:  9    Str: 21    XL:     6   Next: 61%
Magic:  4/5        EV: 11    Int:  6    God:    Okawaru [**....]
Gold:   175        SH:  0    Dex: 11    Spells: 0 memorised, 5 levels left

rFire  + . .     SeeInvis .       - Unarmed
rCold  . . .     Gourm    +     q - +2 robe {rF+}
rNeg   . . .     Faith    .     (no shield)
rPois  .         Spirit   .     (helmet restricted)
rElec  .         Dismiss  .     (no cloak)
rCorr  .         Reflect  .     (gloves unavailable)
MR     .....     Harm     .     (boots unavailable)
Stlth  +.........               (no amulet)
                                (no ring)
                                (no ring)

@: no status effects
A: unfitting armour, claws 3, slimy green scales 1, clumsy 1, fast metabolism 3,
gourmand, regeneration 1, shaggy fur 1, tough skin 2, evolution 1
a: Heroism, Renounce Religion


You were on level 4 of the Dungeon.
You worshipped Okawaru.
Okawaru was pleased with you.
You were full.

You visited 2 branches of the dungeon, and saw 5 of its levels.

You collected 175 gold pieces.

Inventory:

Missiles
 l - 3 large rocks (quivered)
Armour
 q - a +2 robe of fire resistance (worn)
Jewellery
 i - a +3 ring of slaying {unknown}
 k - an uncursed ring of wizardry {unknown}
Scrolls
 c - a scroll of amnesia {unknown}
 e - 4 scrolls of identify {unknown}
 f - a scroll of noise {unknown}
 n - a scroll of immolation {unknown}
 o - a scroll of remove curse {unknown}
 r - a scroll of enchant weapon {unknown}
Potions
 g - a potion of curing {unknown}
 j - a potion of mutation
 p - 2 potions of heal wounds {unknown}
Comestibles
 b - 6 bread rations
 d - 2 beef jerkies
 h - a slice of pizza
 m - 5 fruits


   Skills:
 + Level 3.2 Fighting
 + Level 2.0 Throwing
 + Level 1.8 Armour
 + Level 3.3 Dodging
 - Level 1.1 Stealth
 * Level 5.1 Unarmed Combat
 * Level 0.6 Invocations


You had 5 spell levels left.
You didn't know any spells.

Dungeon Overview and Level Annotations

Branches:
Dungeon (4/15)             Temple (1/1) D:4

Altars:
Ashenzari
Cheibriados
Elyvilon
Fedhas
Gozag
Hepliaklqana
Okawaru
Qazlal
Ru
Sif Muna
Trog
Yredelemnul
Zin
The Shining One


Innate Abilities, Weirdness & Mutations

You are too large for most types of armour.
You have claws for hands.
Your metabolism is lightning-fast.
You like to eat raw meat.
Your natural rate of healing is unusually fast.
You are covered in fur. (AC +1)
You have very tough skin. (AC +2)
You are partially covered in slimy green scales. (AC +2)
You are clumsy. (Dex -2)
You evolve.


Message History

* * * LOW HITPOINT WARNING * * *
You are too injured to fight recklessly!
You barely miss the gnoll. The orc priest closely misses you.
The gnoll hits you.
* * * LOW HITPOINT WARNING * * *
The orc barely misses you.
You scratch the gnoll.
The gnoll is heavily wounded.
The gnoll hits you from afar with a spear.
* * * LOW HITPOINT WARNING * * *
The gnoll barely misses you. The orc priest hits you with a dagger.
* * * LOW HITPOINT WARNING * * *
You claw the gnoll!
The gnoll is almost dead.
The orc barely misses you. The gnoll misses you. The gnoll barely misses you.
The orc closely misses you. The gnoll hits you but does no damage.
You feel like a meek peon again.
The orc priest invokes the aid of Beogh against you.
Pain shoots through your body!
You die...

..............................###
.##..............................
####.............................
#.............................
##.........................###
#.........................#
#.........................#
#.........................#
#...........@.............#
#.....[..go...............#
#.........goo.............#
#.........g..........
#...................
#.....).............
#.....))............
....................
...................


You could see an orc priest, 3 gnolls and 2 orcs.

Vanquished Creatures
  A howler monkey (D:4)
  A jelly (D:3)
  An orc wizard (D:4)
  A hound (D:4)
  Natasha (twice) (D:3)
  An iguana (D:4)
  10 adders
  A gnoll (D:4)
  A howler monkey skeleton (D:4)
  An ooze (D:2)
  An adder skeleton (D:4)
  2 worms
  2 dart slugs (D:1)
  3 leopard geckos
  5 orcs
  2 giant cockroaches (D:3)
  5 hobgoblins
  11 jackals
  8 kobolds
  A quokka (D:3)
  A ball python (D:3)
  4 bats
  4 frilled lizards
  14 goblins
  13 rats
96 creatures vanquished.

Notes
Turn   | Place    | Note
-------+----------+-------------------------------------------
     0 | D:1      | Amciq the Troll Monk began the quest for the Orb.
     0 | D:1      | Reached XP level 1. HP: 22/22 MP: 0/0
    40 | D:1      | Reached XP level 2. HP: 25/29 MP: 1/1
   495 | D:1      | Reached XP level 3. HP: 34/36 MP: 2/2
   864 | D:2      | Reached XP level 4. HP: 37/44 MP: 3/3
   957 | D:2      | Reached skill level 4 in Unarmed Combat
  1095 | D:2      | Reached skill level 1 in Throwing
  1523 | D:3      | Found a faded altar of an unknown god.
  1550 | D:3      | Reached skill level 1 in Armour
  1693 | D:3      | Reached XP level 5. HP: 52/53 MP: 4/4
  1914 | D:3      | Found a shattered altar of Ashenzari.
  2079 | D:3      | Noticed Natasha
  2089 | D:3      | Killed Natasha
  2264 | D:3      | Noticed Natasha
  2270 | D:3      | Killed Natasha
  2712 | D:4      | Reached XP level 6. HP: 59/61 MP: 5/5
  2849 | D:4      | Reached skill level 5 in Unarmed Combat
  3039 | D:4      | Found a staircase to the Ecumenical Temple.
  3074 | Temple   | Entered the Ecumenical Temple
  3223 | Temple   | Became a worshipper of Warmaster Okawaru
  3223 | Temple   | Reached * piety under Okawaru
  3223 | Temple   | Reached ** piety under Okawaru
  3332 | D:4      | Gained mutation: You are partially covered in slimy green scales. (AC +2) [potion of mutation]
  3332 | D:4      | Gained mutation: You are clumsy. (Dex -2) [potion of mutation]
  3332 | D:4      | Gained mutation: You evolve. [potion of mutation]
  3334 | D:4      | HP: 2/61 [orc priest/dagger (2)]
  3340 | D:4      | Killed from afar by an orc priest

Vault maps used:
D:1:      enne_arrival_octagon_isle, corexii_corridor_pit,
          minmay_rat_gold_closets
D:3:      nicolae_ashenzari_panopticon, ecumenical_altar_2, first_bread,
          uniq_natasha
D:4:      overflow_temple_1_default, uniq_crazy_yiuf_cottage, uniq_blork_the_orc
Temple:   dshaligram_water_room_temple

Skill      XL: |  1  2  3  4  5  6 |
---------------+-------------------+-----
Unarmed Combat | 4 5 |  5.1
Throwing       | 1 2 |  2.0
Fighting       | 3 |  3.2
Armour         | 1 |  1.8
Dodging        | 3 |  3.3
Stealth        | |  1.1
Invocations    | |  0.6

Action                   |  1- 3 |  4- 6 || total
-------------------------+-------+-------++-------
Melee: Unarmed           |    91 |   149 ||   240
Invok: Heroism           |       |     1 ||     1
  Use: Potion            |       |     1 ||     1
 Stab: Sleeping          |     5 |     3 ||     8
  Eat: Chunk             |    10 |    23 ||    33
Armor: Robe              |    18 |    36 ||    54
Dodge: Dodged            |    28 |    86 ||   114
